 Dungeon Crawl Stone Soup version 0.23-a0-49-gd9f7a49 (webtiles) character file.

1585 Amnesiac the Destroyer (level 8, 0/52 HPs)
             Began as a Mummy Conjurer on Aug 7, 2018.
             Was a Believer of Dithmenos.
             Slain by an orc
             ... wielding a +0 dagger
              (2 damage)
             ... on level 6 of the Dungeon.
             The game lasted 00:14:09 (6814 turns).

Amnesiac the Destroyer (Mummy Conjurer)             Turns: 6814, Time: 00:14:10

Health: 0/52       AC:  2    Str: 11    XL:     8   Next: 61%
Magic:  3/20       EV: 12    Int: 16    God:    Dithmenos [**....]
Gold:   437        SH:  0    Dex: 13    Spells: 5/23 levels left

rFire    x . .     SeeInvis .   a - +0 great sword
rCold    + . .     Gourm    .   (shield currently unavailable)
rNeg     + + +     Faith    .   i - +0 robe
rPois    ∞         Spirit   .   (no helmet)
rElec    .         Reflect  .   (no cloak)
rCorr    .         Harm     .   (no gloves)
MR       +....                  (no boots)
Stlth    ++........             (no amulet)
HPRegen  0.17/turn              (no ring)
MPRegen  0.17/turn              (no ring)

@: very slightly contaminated, wreathed by umbra
A: no food or potions, fire vulnerability, cold resistance 1, negative energy
resistance 3, torment resistance, unbreathing
a: Shadow Step, Renounce Religion


You were on level 6 of the Dungeon.
You worshipped Dithmenos.
Dithmenos was pleased with you.
You were not hungry.

You visited 2 branches of the dungeon, and saw 7 of its levels.

You collected 437 gold pieces.

Inventory:

Hand Weapons
 a - a +0 great sword (weapon)
 b - a +0 hunting sling
 j - a +0 falchion
 l - a +1 trident of venom
Missiles
 d - 24 sling bullets
 h - 49 poisoned needles
 n - 210 stones (quivered)
Armour
 i - a +0 robe (worn)
Wands
 c - a wand of random effects (30)
 k - a wand of enslavement (10)
 p - a wand of polymorph (7)
Scrolls
 e - 2 scrolls of enchant armour {!r}
 f - 5 scrolls of teleportation {!r}
 m - 5 scrolls of remove curse {!r}
 q - 2 scrolls of amnesia {!r}


   Skills:
 - Level 1.5 Dodging
 - Level 1.5 Stealth
 + Level 8.0 Spellcasting
 * Level 8.2 Conjurations


You had 5 spell levels left.
You knew the following spells:

 Your Spells              Type           Power        Failure   Level  Hunger
a - Magic Dart            Conj           ####         1%          1    N/A
b - Force Lance           Conj/Tloc      ###.....     21%         4    N/A
c - Fulminant Prism       Conj/Hex       ###.......   21%         4    N/A
d - Searing Ray           Conj           ####..       1%          2    N/A
e - Dazzling Spray        Conj/Hex       ###...       6%          3    N/A
f - Iskenderun's Mystic   Conj           ####....     3%          4    N/A

Your spell library contained the following spells:

 Spells                   Type           Power        Failure   Level  Hunger


Dungeon Overview and Level Annotations

Branches:
Dungeon (6/15)             Temple (1/1) D:5

Altars:
Ashenzari
Cheibriados
Dithmenos
Elyvilon
Gozag
Hepliaklqana
Kikubaaqudgha
Makhleb
Qazlal
Ru
Sif Muna
Trog
Uskayaw
Vehumet
Wu Jian
Xom
Yredelemnul
Zin
The Shining One
Beogh


Innate Abilities, Weirdness & Mutations

You do not eat or drink.
Your flesh is vulnerable to fire.
You are immune to poison.
Your flesh is cold resistant. (rC+)
You are immune to negative energy. (rN+++)
You are immune to unholy pain and torment.
You can survive without breathing.


Message History

The searing ray hits something.
The searing ray hits the bullfrog.
The bullfrog is severely wounded.
You finish channeling your searing ray.
Something hits you.
* * * LOW HITPOINT WARNING * * *
Casting: Searing Ray (safe; 1% risk of failure)
Confirm with . or Enter, or press ? or * to list all spells.
Aiming: Searing Ray (safe; 1% risk of failure)
Press: ? - help, Shift-Dir - straight line, f - bullfrog
Aim: a bullfrog (severely wounded, umbra)
The searing ray hits the bullfrog.
The bullfrog is almost dead. (Press . to maintain the ray.)
The bullfrog swells and bulges.
Something hits you but does no damage.
The searing ray hits something.
Something hits you.
* * * LOW HITPOINT WARNING * * *
The searing ray hits something.
Dithmenos accepts your kill.
Reactivating autopickup.
You feel a bit more experienced. The bullfrog hits you!
* * * LOW HITPOINT WARNING * * *
The searing ray hits the bullfrog.
You kill the bullfrog!
Dithmenos accepts your kill.
Your Spellcasting skill increases to level 8!
The searing ray hits the orc.
You kill the orc!
Dithmenos accepts your kill.
You finish channeling your searing ray.
Evoke which item? (* to show all) (? for menu, Esc to quit)
Aiming: Polymorph
Press: ? - help, Shift-Dir - straight line, f - orc priest
Aim: an orc priest, wielding a flail and wearing a ring mail (umbra, chance to defeat MR: 46%)
The orc priest resists with some effort.
Evoke which item? (* to show all) (? for menu, Esc to quit)
Aiming: Enslavement
Press: ? - help, Shift-Dir - straight line, f/p - orc priest
Aim: an orc priest, wielding a flail and wearing a ring mail (umbra, chance to defeat MR: 46%)
The orc priest resists with some effort.
The orc priest hits you with a flail!
* * * LOW HITPOINT WARNING * * *
Evoke which item? (* to show all) (? for menu, Esc to quit)
Aiming: Polymorph
Press: ? - help, Shift-Dir - straight line, f/p - orc priest
Aim: an orc priest, wielding a flail and wearing a ring mail (umbra, chance to defeat MR: 46%)
The orc priest evaporates and reforms as a worker ant!
Evoke which item? (* to show all) (? for menu, Esc to quit)
Okay, then.
Really read
o - a scroll of blinking {!r}?
Blink to where?
Press: ? - help, Dir - move target cursor, p - worker ant You are very lightly contaminated with residual magic.
As you read the scroll of blinking {!r}, it crumbles to dust.
Really read
f - 6 scrolls of teleportation {!r}?
As you read the scroll of teleportation {!r}, it crumbles to dust.
You feel strangely unstable.
A water moccasin comes into view.
The water moccasin moves out of view.
Your surroundings suddenly seem different.
An orc comes into view. It is wielding a dagger.
Found a scroll of remove curse.
Found an escape hatch in the ceiling.
A sky beast comes into view.
The orc hits you with a dagger.
You die...

. ...
...<.#######
.......Y.@.#
####....o..#
#...........
#.........####
####......#
#.###### #. #?


You could see a sky beast and an orc.

Vanquished Creatures
  A gnoll sergeant (D:5)
  Eustachio (D:5)
  Duvessa (D:5)
  An ogre (D:4)
  A centaur (D:5)
  Blork the orc (D:5)
  A bullfrog (D:6)
  Dowan (D:5)
  A howler monkey (D:4)
  2 crimson imps
  2 hounds
  A jelly (D:5)
  3 orc priests
  A gnoll shaman (D:4)
  6 orc wizards
  Ijyb (D:4)
  2 iguanas (D:5)
  A hound skeleton (D:6)
  9 adders
  6 gnolls
  An ooze (D:1)
  An adder skeleton (D:3)
  4 worms
  2 dart slugs
  4 leopard geckos
  21 orcs
  2 ball pythons
  3 bat zombies (D:2)
  A giant cockroach (D:1)
  7 goblins
  11 hobgoblins
  16 jackals
  9 kobolds
  4 quokkas
  13 bats
  9 frilled lizards
  3 rats
  A rat zombie (D:2)
155 creatures vanquished.

Vanquished Creatures (collateral kills)
  A hound (D:5)
  4 gnolls (D:5)
  An adder (D:5)
6 creatures vanquished.

Vanquished Creatures (others)
  A centaur (D:5)
  A fulminant prism (D:5)
2 creatures vanquished.

Grand Total: 163 creatures vanquished

Notes
Turn   | Place    | Note
-------+----------+-------------------------------------------
     0 | D:1      | Amnesiac the Mummy Conjurer began the quest for the Orb.
     0 | D:1      | Reached XP level 1. HP: 13/13 MP: 4/4
   179 | D:2      | Reached XP level 2. HP: 19/19 MP: 3/6
   235 | D:1      | Learned a level 2 spell: Searing Ray
   464 | D:2      | Found a hazy altar of Hepliaklqana.
   580 | D:3      | Reached XP level 3. HP: 18/24 MP: 2/8
   930 | D:3      | Learned a level 3 spell: Dazzling Spray
  1075 | D:3      | Reached XP level 4. HP: 30/30 MP: 3/10
  1182 | D:3      | Found a shattered altar of Ashenzari.
  1683 | D:5      | Entered Level 5 of the Dungeon
  1704 | D:4      | Reached XP level 5. HP: 32/35 MP: 6/11
  1982 | D:4      | Noticed Ijyb
  2168 | D:4      | Killed Ijyb
  2375 | D:4      | Reached skill level 5 in Conjurations
  2485 | D:4      | Reached skill level 5 in Spellcasting
  2573 | D:4      | Found a roughly hewn altar of Beogh.
  2585 | D:4      | Reached XP level 6. HP: 41/41 MP: 3/13
  2872 | D:5      | Found a staircase to the Ecumenical Temple.
  2881 | Temple   | Entered the Ecumenical Temple
  2931 | Temple   | Became a worshipper of Dithmenos the Shadowed
  3292 | D:1      | Reached * piety under Dithmenos
  3369 | D:1      | Learned a level 4 spell: Force Lance
  3374 | D:1      | Learned a level 4 spell: Fulminant Prism
  3822 | D:2      | Found a hide-covered altar of Uskayaw.
  3889 | D:2      | Found an ancient bone altar of Kikubaaqudgha.
  4536 | D:4      | Found a burning altar of Makhleb.
  4538 | D:4      | Found a radiant altar of Vehumet.
  4591 | D:4      | Reached XP level 7. HP: 46/46 MP: 4/15
  4610 | D:4      | Reached ** piety under Dithmenos
  4931 | D:4      | Found a glowing golden altar of the Shining One.
  4936 | D:4      | Found a glowing silver altar of Zin.
  4936 | D:4      | Noticed an angel
  5119 | D:5      | Noticed Eustachio
  5126 | D:5      | Learned a level 4 spell: Iskenderun's Mystic Blast
  5173 | D:5      | Found a bloodstained altar of Trog.
  5246 | D:5      | Killed a gnoll sergeant
  5332 | D:5      | Noticed Dowan
  5345 | D:5      | Killed Dowan
  5398 | D:5      | Killed Eustachio
  5398 | D:5      | Reached XP level 8. HP: 45/52 MP: 14/18
  5466 | D:5      | Noticed Duvessa
  5913 | D:5      | Found a bloodstained altar of Trog.
  5944 | D:5      | Found an opulent altar of Gozag.
  6109 | D:5      | Noticed Blork the orc
  6118 | D:5      | Killed Blork the orc
  6188 | D:5      | Found a staircase to the Ecumenical Temple.
  6308 | D:5      | Killed Duvessa
  6471 | D:5      | Found a bloodstained altar of Trog.
  6608 | D:5      | Found an opulent altar of Gozag.
  6621 | D:5      | Found a bloodstained altar of Trog.
  6805 | D:6      | HP: 1/52 [orc priest/flail (10)]
  6814 | D:6      | Slain by an orc

Vault maps used:
D:1:      dpeg_arrival_lava_temple_mockup, minmay_misc_feat_roman
D:2:      lemuel_zombie_altar_kikubaaqudgha, lemuel_crystal_altar,
          lemuel_round_altar
D:3:      ashenzari_altar_1, first_ration, st_stairs_12
D:4:      grunt_temple_overflow_lords_of_destruction, tso_oasis_becter,
          zin_angel, kennysheep_orc_chapel, uniq_ijyb
D:5:      lemuel_doored_altar, grunt_gozag_breadcrumbs,
          minmay_temple_entry_purple_smoke, hangedman_abyss_or_decor_slice,
          minivault_11, trog_three_pillars_becter, uniq_eustachio,
          uniq_blork_the_orc, uniq_duvessa
D:6:      nemelex_xobeh_ov_fountains_minmay, makhleb_altar_promises_db,
          uniq_crazy_yiuf_cottage, uniq_sigmund
Temple:   compressed_dpeg_triangle_lava_temple

Skill      XL: |  1  2  3  4  5  6  7  8 |
---------------+-------------------------+-----
Spellcasting   | 3 4 5 7 8 |  8.0
Conjurations   | 4 5 6 7 8 |  8.2
Dodging        | |  1.5
Stealth        | |  1.5

Action                   |  1- 3 |  4- 6 |  7- 9 || total
-------------------------+-------+-------+-------++-------
Melee: Whip              |    10 |     2 |       ||    12
       Great sword       |       |    26 |    15 ||    41
 Cast: Magic Dart        |    61 |   105 |    35 ||   201
       Searing Ray       |     4 |    28 |    27 ||    59
       Dazzling Spray    |     1 |       |       ||     1
       Fulminant Prism   |       |       |     1 ||     1
Evoke: Wand              |       |     1 |     9 ||    10
  Use: Scroll            |       |     6 |     4 ||    10
Armor: Robe              |     6 |    22 |     5 ||    33
Dodge: Dodged            |    27 |    86 |    31 ||   144
       Rpst.: Falchion   |       |     6 |       ||     6
       Great sword       |       |    17 |     7 ||    24

Table legend:
 A = Spawn XP
 B = Non-spawn XP
 C = Spawn XP percentage of total XP
 D = Spawn monster count
 E = Non-spawn monster count
 F = Spawn count percentage of total count
 G = Total turns spent on level
                    A         B        C        D         E        F      G
               +---------+---------+-------+---------+---------+-------+---------
         Total |       0 |    2265 |   0.0 |       0 |     161 |   0.0 |  6814
               +---------+---------+-------+---------+---------+-------+---------
           D:1 |       0 |      72 |   0.0 |       0 |      39 |   0.0 |   873
           D:2 |       0 |     104 |   0.0 |       0 |      25 |   0.0 |   725
           D:3 |       0 |     120 |   0.0 |       0 |      26 |   0.0 |  1274
           D:4 |       0 |     672 |   0.0 |       0 |      33 |   0.0 |  1875
           D:5 |       0 |    1096 |   0.0 |       0 |      29 |   0.0 |  1938
           D:6 |       0 |     201 |   0.0 |       0 |       9 |   0.0 |    67
               +---------+---------+-------+---------+---------+-------+---------
